Map: Polka LE

Players

Rilneph

  • Race: Protoss Protoss
  • Spawn Location: 11:00

Senjo

  • Race: Protoss Protoss
  • Spawn Location: 11:00

qqq

  • Race: Zerg Zerg
  • Spawn Location: 5:00

Massa

  • Race: Terran Terran
  • League: Platinum
  • Spawn Location: 5:00

VOD

Have the link to the VOD?

Description

Time

  • Played on: Feb. 7, 2021, 11:14 a.m.
  • Length: 13:33
Show
View Real Time Build Order
Export as new Build Order

Rilneph Protoss 

Build Orders: Archon Immortal 

Get SALT Encoding   

  12  0:00  Probe  
  13  0:12  Probe  
  14  0:17  Pylon  
  14  0:24  Probe (Chrono Boost)  
  15  0:36  Probe (Chrono Boost)  
  15  0:41  Forge  
  16  0:44  Probe (Chrono Boost)  
  17  0:51  Probe  
  18  0:58  Pylon  
  18  1:03  Probe  
  19  1:10  Assimilator  
  19  1:15  Probe  
  20  1:23  Photon Cannon  
  20  1:35  Photon Cannon  
  20  1:38  Probe  
  21  1:50  Probe  
  21  1:54  Gateway  
  21  2:03  Probe  
  22  2:09  Pylon  
  22  2:16  Probe  
  23  2:28  Photon Cannon  
  23  2:31  Photon Cannon  
  23  2:43  Cybernetics Core  
  23  2:44  Probe  
  23  2:48  Pylon  
  24  2:51  Assimilator  
  24  2:57  Probe  
  25  3:08  Nexus  
  25  3:09  Probe  
  26  3:17  Adept (Chrono Boost)  
  26  3:23  Photon Cannon  
  28  3:30  Probe  
  29  3:42  Probe, Pylon  
  29  3:45  Stalker (Chrono Boost)  
  32  3:49  Warp Gate  
  32  3:54  Probe  
  33  3:57  Robotics Facility  
  33  4:06  Probe  
  34  4:12  Pylon, Adept (Chrono Boost)  
  36  4:18  Probe  
  36  4:23  Gateway  
  37  4:30  Shield Battery  
  37  4:37  Photon Cannon  
  37  4:39  Probe x2  
  39  4:49  Stalker  
  39  4:51  Probe  
  42  4:58  Probe, Protoss Ground Weapons Level 1  
  43  5:00  Immortal  
  43  5:06  Probe  
  48  5:11  Stalker  
  50  5:19  Probe x2  
  50  5:20  Stalker  
  54  5:28  Twilight Council  
  52  5:36  Probe x2  
  54  5:53  Stalker  
  56  6:01  Blink (Chrono Boost)  
  56  6:04  Photon Cannon  
  56  6:08  Pylon  
  56  6:10  Assimilator  
  56  6:12  Immortal (Chrono Boost)  
  56  6:13  Gateway  
  56  6:14  Gateway  
  60  6:21  Probe x2  
  62  6:28  Stalker x2  
  66  6:43  Warp Prism (Chrono Boost)  
  68  6:47  Probe x2  
  68  6:52  Shield Battery  
  70  7:06  Pylon  
  70  7:09  Pylon  
  70  7:24  Probe x2  
  72  7:34  Nexus  
  72  7:35  Pylon  
  72  7:36  Probe x2  
  74  7:38  Pylon  
  74  7:40  Assimilator  
  74  7:45  Assimilator  
  74  7:47  Zealot x3  
  74  7:48  Probe x2, Zealot  
  84  7:53  Immortal  
  88  8:00  Charge (Chrono Boost), Assimilator  
  88  8:03  Pylon  
  88  8:06  Pylon  
  88  8:13  Templar Archives  
  88  8:14  Gateway  
  88  8:16  Gateway  
  88  8:18  Gateway  
  88  8:20  Gateway  
  88  8:38  Probe  
  88  8:39  Probe  
  90  8:41  Stalker x4  
  98  8:51  Probe  
  98  8:55  Stargate  
  99  8:58  Immortal  
  99  9:02  Probe x2  
  105  9:03  Probe  
  105  9:07  Pylon  
  105  9:09  Pylon  
  102  9:32  Photon Cannon  
  102  9:35  Photon Cannon  
  102  9:36  Stalker x4  
  102  9:37  Shield Battery  
  110  9:40  High Templar x4  
  110  9:45  Probe x3  
  121  9:48  Protoss Ground Weapons Level 2 (Chrono Boost)  
  121  9:50  Archon  
  121  9:51  Archon  
  121  10:00  Phoenix  
  121  10:01  Psionic Storm  
  121  10:02  Forge  
  123  10:18  Zealot x7  
  123  10:19  Zealot  
  139  10:23  Probe x2  
  141  10:31  Immortal  
  145  11:00  Probe  
  145  11:01  Probe x2  
  148  11:17  Pylon  
  148  11:20  Pylon  
  148  11:23  Pylon  
  148  11:24  Pylon  
  148  11:25  Probe  
  149  11:35  Probe, Nexus  
  149  11:38  Photon Cannon  
  150  11:40  Photon Cannon  
  150  11:42  Shield Battery  
  150  11:45  Assimilator  
  148  11:49  Assimilator  
  142  12:03  High Templar x4  
  142  12:04  High Templar x4  
  158  12:12  Immortal  
  158  12:14  Probe x3  
  165  12:31  Gateway  
  165  12:34  Archon x3  
  165  12:35  Archon  
  165  12:36  Zealot x2  
  165  12:37  Zealot x6  
  171  12:39  Gateway  
  171  12:40  Gateway  
  171  12:41  Stargate  
  179  13:17  Probe x3  
Show
View Real Time Build Order
Export as new Build Order

Senjo Protoss 

Build Orders: 1 Gate Expand, Carriers 

Get SALT Encoding   

  12  0:00  Probe  
  13  0:12  Probe  
  14  0:18  Pylon  
  14  0:24  Probe (Chrono Boost)  
  15  0:36  Probe (Chrono Boost)  
  15  0:41  Gateway  
  16  0:45  Probe (Chrono Boost)  
  16  0:47  Assimilator  
  17  0:58  Probe  
  18  1:10  Probe  
  19  1:22  Probe  
  20  1:32  Nexus  
  20  1:41  Cybernetics Core  
  20  1:48  Assimilator  
  20  1:57  Probe  
  20  1:58  Pylon  
  21  2:10  Probe (Chrono Boost)  
  22  2:21  Probe (Chrono Boost)  
  22  2:22  Adept  
  25  2:25  Stargate  
  25  2:26  Probe (Chrono Boost)  
  26  2:36  Probe  
  27  2:48  Probe  
  29  2:51  Probe  
  29  2:52  Adept  
  29  2:58  Pylon  
  31  3:00  Probe  
  31  3:03  Probe  
  33  3:05  Void Ray (Chrono Boost)  
  33  3:12  Probe  
  37  3:15  Probe  
  37  3:17  Shield Battery  
  38  3:24  Probe  
  38  3:25  Assimilator  
  39  3:29  Assimilator  
  39  3:30  Probe  
  39  3:32  Adept  
  42  3:37  Probe  
  43  3:41  Void Ray (Chrono Boost)  
  43  3:45  Pylon  
  47  3:52  Probe x2  
  49  4:04  Probe  
  49  4:05  Probe  
  49  4:08  Void Ray (Chrono Boost)  
  57  4:17  Probe x2 (Chrono Boost)  
  57  4:18  Pylon  
  57  4:29  Probe x2 (Chrono Boost)  
  57  4:30  Protoss Air Weapons Level 1 (Chrono Boost)  
  59  4:35  Stargate  
  59  4:40  Stargate  
  59  4:41  Probe  
  59  4:42  Probe  
  61  4:50  Pylon  
  61  4:53  Probe  
  61  4:56  Void Ray  
  61  4:57  Probe, Forge  
  67  5:20  Void Ray x2  
  67  5:27  Probe x2  
  77  5:33  Void Ray  
  77  5:48  Probe  
  78  5:54  Pylon  
  78  6:03  Nexus  
  78  6:06  Void Ray  
  78  6:07  Pylon  
  78  6:09  Pylon  
  78  6:11  Photon Cannon  
  78  6:12  Probe x2  
  78  6:13  Photon Cannon  
  78  6:17  Shield Battery  
  84  6:21  Pylon  
  84  6:24  Probe  
  85  6:29  Warp Gate  
  85  6:30  Probe  
  86  6:35  Void Ray x2  
  86  6:36  Probe  
  87  6:42  Probe  
  96  6:48  Photon Cannon  
  96  6:49  Probe, Void Ray  
  97  6:54  Probe  
  102  7:12  Void Ray x2  
  102  7:22  Probe x3  
  113  7:24  Shield Battery  
  113  7:25  Assimilator  
  113  7:27  Void Ray  
  113  7:30  Assimilator  
  113  7:34  Probe x2  
  119  7:41  Probe, Protoss Shields Level 1 (Chrono Boost)  
  120  7:46  Probe  
  120  7:48  Fleet Beacon  
  121  7:53  Probe x2, Gateway  
  121  7:54  Void Ray  
  123  8:04  Void Ray  
  123  8:19  Void Ray  
  123  8:25  Probe x2  
  125  8:30  Probe  
  118  8:41  Phoenix  
  118  8:47  Phoenix  
  118  8:51  Probe x2  
  120  9:02  Phoenix  
  118  9:06  Phoenix, Nexus  
  118  9:07  Pylon  
  118  9:08  Probe  
  118  9:09  Probe x2  
  123  9:12  Phoenix, Pylon  
  123  9:13  Pylon  
  123  9:15  Pylon  
  125  9:22  Pylon  
  125  9:23  Gateway  
  125  9:24  Protoss Air Weapons Level 2 (Chrono Boost)  
  125  9:25  Probe, Gateway  
  125  9:26  Gateway  
  125  9:27  Phoenix  
  125  9:28  Twilight Council  
  125  9:29  Gateway  
  125  9:30  Gateway  
  128  9:36  Anion Pulse-Crystals  
  128  9:44  Photon Cannon  
  128  9:45  Photon Cannon  
  128  9:48  Shield Battery  
  128  9:54  Phoenix x3, Assimilator  
  128  9:56  Assimilator  
  134  10:13  Cybernetics Core  
  134  10:16  Pylon  
  134  10:34  Carrier x2  
  128  10:58  Carrier  
  128  11:00  Charge (Chrono Boost)  
  134  11:23  Zealot  
  134  11:24  Zealot x6  
  148  11:32  Pylon, Nexus  
  148  11:33  Pylon  
  148  11:35  Gateway, Pylon  
  148  11:36  Carrier x2 (Chrono Boost)  
  148  11:37  Pylon  
  148  11:39  Gateway  
  160  11:41  Pylon  
  160  11:43  Probe, Gateway  
  160  11:44  Probe x2  
  163  11:47  Gateway  
  163  11:56  Templar Archives  
  163  12:09  Carrier (Chrono Boost)  
  169  12:26  Photon Cannon  
  169  12:27  Photon Cannon  
  169  12:29  Photon Cannon  
  169  12:32  Shield Battery  
  169  12:35  Shield Battery  
  175  12:39  Photon Cannon  
  173  12:45  High Templar  
  173  12:46  High Templar x2  
  173  12:50  Archon  
  165  13:00  Assimilator  
  155  13:08  Assimilator  
  131  13:17  High Templar x2  
  131  13:18  High Templar x3  
Show
View Real Time Build Order
Export as new Build Order

qqq Zerg 

Build Orders: Hatch First 

Get SALT Encoding   

  12  0:01  Drone  
  13  0:08  Drone  
  14  0:18  Overlord  
  14  0:48  Hatchery  
  13  0:51  Drone  
  13  0:52  Drone  
  13  0:55  Drone  
  16  1:23  Extractor, Spawning Pool  
  16  1:25  Drone x2  
  16  1:36  Drone  
  16  1:37  Drone  
  15  2:15  Spine Crawler  
  14  2:17  Spine Crawler  
  14  2:18  Drone x2  
  15  2:29  Drone x3  
  18  2:32  Drone  
  18  2:34  Spine Crawler  
  18  2:36  Spine Crawler  
  17  2:45  Drone x2  
  17  2:46  Drone  
  20  3:09  Queen  
  20  3:10  Queen  
  25  3:17  Zergling x6  
  25  3:19  Overlord  
  28  3:20  Overlord  
  28  3:36  Overlord  
  28  3:40  Zergling x4  
  30  3:43  Zergling x2  
  30  3:45  Zergling x2  
  32  3:49  Queen  
  34  3:56  Zergling x2  
  35  4:03  Drone  
  35  4:04  Baneling Nest  
  35  4:08  Drone  
  35  4:09  Drone  
  37  4:13  Metabolic Boost  
  39  4:21  Drone x2  
  41  4:32  Extractor  
  41  4:35  Extractor  
  41  4:38  Spore Crawler  
  38  4:51  Lair  
  36  5:04  Drone x3  
  36  5:05  Drone x4  
  43  5:10  Extractor  
  42  5:21  Queen  
  42  5:37  Hatchery  
  40  5:48  Zergling x2  
  40  5:49  Zergling x4  
  43  5:50  Zergling x2  
  40  6:02  Spire  
  38  6:04  Drone  
  38  6:06  Queen  
  41  6:16  Drone x2  
  41  6:17  Overlord  
  43  6:18  Overlord  
  43  6:22  Overlord  
  43  6:36  Drone  
  43  6:37  Drone  
  45  6:41  Drone, Infestation Pit  
  45  6:44  Drone  
  45  6:46  Drone x3  
  49  6:49  Drone  
  49  6:52  Drone  
  51  6:56  Zergling x2  
  51  6:58  Drone  
  53  7:04  Drone x2  
  53  7:05  Drone  
  53  7:07  Drone  
  57  7:18  Mutalisk x2  
  58  7:32  Hive  
  58  7:33  Mutalisk x2  
  58  7:34  Mutalisk  
  58  7:36  Drone  
  65  7:46  Mutalisk  
  67  7:56  Mutalisk  
  67  7:58  Mutalisk x2  
  69  8:00  Overlord x2  
  73  8:13  Zerg Flyer Weapons Level 1  
  73  8:18  Mutalisk x3  
  77  8:28  Mutalisk  
  77  8:39  Mutalisk  
  67  8:59  Mutalisk  
  67  9:00  Mutalisk  
  67  9:01  Zergling x8  
  67  9:02  Drone x3  
  77  9:05  Queen  
  79  9:16  Mutalisk  
  81  9:17  Mutalisk  
  82  9:30  Viper  
  85  9:40  Drone x3  
  85  9:42  Mutalisk  
  90  9:47  Extractor  
  90  9:50  Overlord x4  
  90  9:51  Hatchery  
  88  10:03  Overlord  
  88  10:07  Zerg Flyer Armor Level 1  
  88  10:18  Viper  
  88  10:19  Mutalisk  
  88  10:20  Mutalisk  
  88  10:21  Zergling x6  
  97  10:28  Spore Crawler  
  82  10:49  Mutalisk x3  
  73  10:50  Zergling x4  
  73  10:51  Zergling x2  
  73  10:52  Hatchery  
  75  11:09  Corruptor x2  
  75  11:10  Hatchery  
  78  11:20  Hatchery  
  77  11:27  Hatchery  
  76  11:35  Mutalisk  
  76  11:36  Mutalisk x2  
  76  11:37  Zergling x10  
  76  11:38  Zergling x4  
  89  11:54  Corruptor x2  
  81  12:08  Corruptor x2  
  82  12:15  Corruptor  
  88  12:22  Drone  
  88  12:24  Corruptor  
  90  12:36  Spine Crawler  
  89  12:37  Spine Crawler  
  89  12:38  Drone x2, Spine Crawler  
  89  12:39  Spine Crawler  
  89  12:41  Spine Crawler  
  82  12:54  Corruptor x3  
Show
View Real Time Build Order
Export as new Build Order

Massa Terran 

Build Orders:  

Get SALT Encoding   

  12  0:00  SCV  
  13  0:12  SCV  
  14  0:22  Supply Depot  
  14  0:24  SCV  
  15  0:43  SCV  
  15  0:44  Barracks  
  15  0:49  Refinery  
  16  0:55  SCV  
  17  1:08  SCV  
  17  1:20  SCV  
  18  1:32  SCV  
  19  1:41  Barracks  
  19  1:43  Barracks  
  18  2:03  Factory  
  18  2:04  Orbital Command  
  18  2:22  Supply Depot  
  18  2:34  Supply Depot  
  18  2:43  Marine  
  18  2:44  Reaper, Marine  
  21  2:52  SCV  
  22  2:58  Factory Tech Lab  
  22  3:18  Siege Tank  
  25  3:30  Reaper  
  26  3:34  Refinery  
  26  3:36  Engineering Bay  
  26  3:48  Marine x2  
  28  3:49  Command Center  
  27  4:01  Cyclone  
  27  4:02  Marine  
  31  4:24  Supply Depot  
  31  4:27  Barracks Tech Lab  
  31  4:29  Barracks Reactor  
  31  4:46  SCV, Marine  
  31  4:48  Stimpack  
  31  4:50  Marine  
  34  4:58  SCV  
  35  5:02  Orbital Command  
  35  5:04  Marine  
  36  5:08  Marine  
  36  5:21  Marine  
  36  5:23  Marine  
  36  5:25  Marine  
  36  5:26  Cyclone  
  43  5:34  Orbital Command  
  43  5:35  Marine  
  43  5:39  Marine  
  44  5:47  Marine  
  45  5:52  Marine  
  45  5:55  Orbital Command  
  45  5:57  Marine  
  46  6:05  Marine  
  46  6:06  SCV  
  48  6:11  Barracks Reactor  
  48  6:16  Terran Infantry Weapons Level 1  
  48  6:18  SCV, Missile Turret  
  48  6:20  Missile Turret  
  48  6:21  Armory  
  48  6:22  Mag-Field Accelerator  
  49  6:28  SCV  
  49  6:31  SCV  
  51  6:34  Refinery  
  51  6:39  Marine x2  
  51  6:40  SCV  
  54  6:49  Supply Depot  
  54  7:29  Command Center  
  54  7:39  Supply Depot  
  54  7:40  Supply Depot  
  54  7:41  Supply Depot x2  
  51  7:58  Supply Depot  
  51  8:01  Cyclone  
  49  8:26  Command Center  
  49  8:33  Cyclone  
  52  8:54  Missile Turret  
  52  8:56  Missile Turret  
  52  9:06  Orbital Command  
  52  9:24  Missile Turret  
  52  9:25  Missile Turret  
  52  9:34  Refinery  
  52  9:37  Starport  
  52  9:42  Orbital Command  
  52  9:44  Missile Turret  
  52  9:45  Missile Turret  
  52  9:47  SCV  
  52  9:51  Terran Infantry Armor Level 1  
  53  9:56  Marine x3  
  53  9:59  SCV  
  57  10:04  Missile Turret  
  57  10:08  Missile Turret  
  57  10:11  Sensor Tower  
  57  10:13  Combat Shield  
  60  10:21  Cyclone  
  60  10:28  Medivac  
  58  10:57  Medivac  
  58  10:59  Marine x3  
  58  11:00  Marauder  
  65  11:13  SCV x2  
  65  11:17  Marine  
  68  11:21  Marauder  
  71  11:25  SCV x2, Marine  
  71  11:26  Marine  
  71  11:27  Medivac  
  76  11:34  Marine  
  76  11:37  SCV  
  76  11:38  SCV  
  79  11:42  Marine  
  80  11:49  SCV  
  80  11:50  SCV  
  82  11:55  Command Center  
  82  12:00  Marauder  
  82  12:01  Marine x3  
  85  12:02  SCV  
  88  12:18  Marine  
  88  12:21  Thor  
  88  12:22  Marauder  
  97  12:23  Marine x2  
  99  12:36  Marine  
  100  12:41  Marine x2  
  102  12:57  Marine  
  101  12:59  Marauder  
Tags
 
Add a new tag
Caveats
  • Supply blocks, unpowered buildings, or Contaminate may cause inaccurate times.
  • Supply counts are checked every 10 seconds.